 Dungeon Crawl Stone Soup version 0.23.2 (webtiles) character file.

Game seed: 5648874780003431798

228 Menchi the Sneak (level 6, 0/35 HPs)
             Began as a Kobold Assassin on Apr 10, 2019.
             Slain by a worm (13 damage)
             ... on level 3 of the Dungeon.
             The game lasted 00:07:08 (3098 turns).

Menchi the Sneak (Kobold Assassin)                  Turns: 3098, Time: 00:07:08

Health: 0/35       AC:  4    Str: 10    XL:     6   Next: 23%
Magic:  6/6        EV: 16    Int: 12    God:
Gold:   134        SH:  0    Dex: 17    Spells: 5/5 levels left

rFire    . . .     SeeInvis .   a - +2 dagger
rCold    . . .     Gourm    .   (shield restricted)
rNeg     . . .     Faith    .   c - +0 robe
rPois    .         Spirit   .   p - +0 helmet
rElec    .         Reflect  .   d - +0 cloak
rCorr    .         Harm     .   (no gloves)
MR       .....                  (no boots)
Stlth    ++++......             (no amulet)
HPRegen  0.11/turn              (no ring)
MPRegen  0.10/turn              (no ring)

@: no status effects
A: small, carnivore
a: no special abilities


You were on level 3 of the Dungeon.
You were completely stuffed.

You visited 1 branch of the dungeon, and saw 3 of its levels.

You collected 134 gold pieces.

Inventory:

Hand Weapons
 a - a +2 dagger (weapon)
 b - a +0 blowgun
Missiles
 e - 8 poisoned needles
 f - 2 curare-tipped needles
Armour
 c - a +0 robe (worn)
 d - a +0 cloak (worn)
 p - a +0 helmet (worn)
Wands
 q - a wand of digging (5)
Scrolls
 i - a scroll of amnesia {unknown}
 r - a scroll of enchant weapon {unknown}
 s - a scroll of identify {unknown}
 t - a scroll of magic mapping {unknown}
 u - 2 scrolls of remove curse {unknown}
 v - a scroll of fear {unknown}
Potions
 h - a potion of haste
 k - a potion of invisibility {unknown}
 l - a potion of curing
 m - a potion of flight {unknown}
 n - a potion of cancellation {unknown}
 o - a potion of heal wounds {unknown}
Comestibles
 g - 4 rations
 w - 2 chunks of flesh


   Skills:
 - Level 2.1 Fighting
 * Level 4.7 Short Blades
 - Level 2.1 Throwing
 * Level 3.3 Dodging
 * Level 7.9 Stealth


You had 5 spell levels left.
You didn't know any spells.
Your spell library was empty.

Dungeon Overview and Level Annotations

Branches:
Dungeon (3/15)

Altars:
Gozag
Ru
Wu Jian
Xom
Zin


Innate Abilities, Weirdness & Mutations

You are small and have problems with some larger weapons.
You are carnivorous and can eat meat at any time.


Message History

The worm is severely wounded.
The goblin hits you but does no damage. The worm misses you.
You completely miss the worm.
The worm is severely wounded.
The goblin hits you. The worm closely misses you.
You hit the worm.
The worm is severely wounded.
You hit the worm but do no damage.
The worm is severely wounded.
The goblin misses you. The worm bites you.
You hit the worm.
The worm is severely wounded.
The goblin hits you but does no damage. The worm bites you!
You hit the worm.
The worm is almost dead.
The goblin closely misses you.
You hit the worm.
The worm is almost dead.
The worm bites you!
You die...

####### .......
...#...###
...g.....#
...#..w#.#
.........#
##############.#
............#w.#
............@g##
######.#######
####### #.#######
#.....# #.......#
#.....# #.......#
##.....####.......#
.........รท.>......#
##.....############
.......#


You could see a worm (berserk) and a goblin.

Vanquished Creatures
  A centaur (D:2)
  A hound zombie (D:2)
  6 adders
  An ooze (D:3)
  A worm (D:2)
  3 dart slugs (D:1)
  An orc (D:3)
  5 bats
  5 giant cockroaches
  7 goblins
  5 hobgoblins
  11 jackals
  4 quokkas (D:2)
  3 frilled lizards
  5 kobolds
  8 rats
67 creatures vanquished.

Notes
Turn   | Place    | Note
-------+----------+-------------------------------------------
     0 | D:1      | Menchi the Kobold Assassin began the quest for the Orb.
     0 | D:1      | Reached XP level 1. HP: 12/12 MP: 1/1
    61 | D:1      | Reached XP level 2. HP: 10/17 MP: 2/2
   302 | D:1      | Reached skill level 6 in Stealth
   523 | D:1      | Reached XP level 3. HP: 1/21 MP: 3/3
  1216 | D:2      | Found a sacrificial altar of Ru.
  1274 | D:2      | Reached XP level 4. HP: 11/26 MP: 4/4
  1349 | D:2      | Found a faded altar of an unknown god.
  1676 | D:2      | Reached skill level 7 in Stealth
  1866 | D:2      | Noticed a centaur
  1869 | D:2      | Killed a centaur
  1869 | D:2      | Reached XP level 5. HP: 22/30 MP: 5/5
  2050 | D:2      | Found a transporter.
  2080 | D:2      | Found a shimmering altar of Xom.
  2082 | D:2      | Found an ornate altar of the Wu Jian Council.
  2097 | D:2      | Found a transporter.
  2299 | D:2      | Reached XP level 6. HP: 35/35 MP: 6/6
  2311 | D:2      | Found a glowing silver altar of Zin.
  2311 | D:2      | Found an opulent altar of Gozag.
  2865 | D:2      | Became a worshipper of Gozag Ym Sagoz the Greedy
  2866 | D:2      | Fell from the grace of Gozag
  3098 | D:3      | Slain by a worm

Skill      XL: |  1  2  3  4  5  6 |
---------------+-------------------+-----
Stealth        | 6 7 |  7.9
Short Blades   | 3 4 |  4.7
Dodging        | 2 3 |  3.3
Fighting       | |  2.1
Throwing       | |  2.1

Action                   |  1- 3 |  4- 6 || total
-------------------------+-------+-------++-------
Melee: Dagger            |   118 |   158 ||   276
Invok: Renounce Religion |       |     1 ||     1
Evoke: Wand              |       |     6 ||     6
  Use: Potion            |     2 |       ||     2
 Stab: Sleeping          |     6 |     5 ||    11
       Distracted        |       |     1 ||     1
  Eat: Chunk             |     9 |     6 ||    15
Armor: Robe              |    39 |    26 ||    65
Dodge: Dodged            |   106 |   134 ||   240
